 Dungeon Crawl Stone Soup version 0.25.0-11-g1f837a76a1 (webtiles) character file.

Game seed: 12858036548368654813

265 Curus the Slasher (level 5, -18/45 HPs)
             Began as a Minotaur Abyssal Knight on June 25, 2020.
             Was a Believer of Lugonu.
             Demolished by an ogre
             ... wielding a +0 giant club
              (23 damage)
             ... on level 4 of the Dungeon.
             The game lasted 00:19:37 (3647 turns).

Curus the Slasher (Minotaur Abyssal Knight)         Turns: 3647, Time: 00:19:37

Health: -18/45     AC: 14    Str: 16    XL:     5   Next: 99%
Magic:  7/7        EV:  5    Int:  9    God:    Lugonu [**....]
Gold:   151        SH:  0    Dex: 11    Spells: 4/4 levels left

rFire    . . .     SeeInvis .   a - +2 falchion
rCold    . . .     Gourm    .   (no shield)
rNeg     . . .     Faith    .   h - +0 plate armour
rPois    .         Spirit   .   (helmet restricted)
rElec    .         Reflect  .   (no cloak)
rCorr    .         Harm     .   g - +2 pair of gloves
MR       .....                  (no boots)
Stlth    ..........             f - amulet of inaccuracy (curse)
HPRegen  0.15/turn              (no ring)
MPRegen  0.10/turn              (no ring)

@: flying
A: retaliatory headbutt, horns 2
a: Depart the Abyss, Bend Space, Renounce Religion


You were on level 4 of the Dungeon.
You worshipped Lugonu.
Lugonu was pleased with you.
You were not hungry.

You visited 1 branch of the dungeon, and saw 4 of its levels.
You visited the Abyss 1 time.

You collected 151 gold pieces.

Inventory:

Hand Weapons
 a - a +2 falchion (weapon)
Armour
 b - a +0 leather armour
 d - a +0 ring mail
 g - a +2 pair of gloves (worn)
 h - a +0 plate armour (worn)
Jewellery
 f - a cursed amulet of inaccuracy (around neck)
Wands
 j - a wand of enslavement (6)
Scrolls
 e - 9 scrolls of identify
Potions
 i - a potion of flight
Comestibles
 c - 5 rations


   Skills:
 - Level 3.6 Fighting
 + Level 5.6 Long Blades
 - Level 2.4 Armour
 - Level 1.1 Dodging
 + Level 4.5 Invocations


You had 4 spell levels left.
You didn't know any spells.
Your spell library was empty.

Dungeon Overview and Level Annotations

Branches:
Dungeon (4/15)
 Temple: D:4-7

Altars:

Annotations:
D:4 Grinder


Innate Abilities, Weirdness & Mutations

You reflexively headbutt those who attack you in melee.
You have a pair of horns on your head.


Message History

You fly up into the air.
Your plate armour prevents you from hitting the scorpion.
You headbutt the scorpion.
The scorpion is almost dead.
The scorpion stings you but does no damage.
You miss the scorpion. Your headbutt misses the scorpion.
The scorpion is almost dead.
The scorpion stings you but does no damage.
Your plate armour prevents you from hitting the scorpion.
You headbutt the scorpion.
You kill the scorpion!
Lugonu accepts your kill.
You closely miss the ogre. The ogre hits you with a +0 giant club.
* * * LOW HITPOINT WARNING * * *
You closely miss the ogre. The ogre barely misses you.
You closely miss the ogre. You headbutt the ogre!
The ogre is moderately wounded.
The ogre hits you with a +0 giant club!!
Ouch! That really hurt!
You die...

#........#
#........#
#........#
#####........#
#
........###+##
# #####.#.# #
...#.# #
###.#O#
############
..#@#
#........†.. #
#.#
#.#########.
..# #.######
#. .###
#.##...####.
..
#..'...'..#.
##
#####...##.#.
.(......#..#.
#####...####.
.............


You could see an ogre.

Vanquished Creatures
  A scorpion (D:4)
  An orc priest (D:4)
  An orc wizard (D:4)
  An iguana (D:4)
  A worker ant (D:4)
  An adder (D:2)
  3 gnolls
  An ooze (D:3)
  3 worms
  2 dart slugs
  2 leopard geckos
  6 orcs
  A ball python (D:4)
  4 bats
  4 giant cockroaches
  4 hobgoblins
  2 quokkas
  3 frilled lizards
  6 goblins
  9 kobolds
  5 rats
61 creatures vanquished.

Notes
Turn   | Place    | Note
-------+----------+-------------------------------------------
     0 | Abyss:1  | Curus the Minotaur Abyssal Knight began the quest for the
                  | Orb.
     0 | Abyss:1  | Reached XP level 1. HP: 19/19 MP: 1/1
    23 | D:1      | Escaped the Abyss
    95 | D:1      | Reached XP level 2. HP: 24/26 MP: 2/2
   177 | D:1      | Reached skill level 3 in Long Blades
   964 | D:2      | Reached ** piety under Lugonu
  1000 | D:2      | Reached XP level 3. HP: 31/31 MP: 4/4
  1737 | D:2      | Reached skill level 4 in Long Blades
  1846 | D:2      | Reached XP level 4. HP: 35/39 MP: 5/5
  3052 | D:4      | Noticed Grinder
  3061 | D:4      | Reached XP level 5. HP: 45/45 MP: 6/6
  3073 | D:4      | Paralysed by Grinder for 2 turns
  3168 | D:4      | Reached skill level 5 in Long Blades
  3567 | D:4      | Paralysed by Grinder for 7 turns
  3625 | D:4      | Noticed an ogre
  3647 | D:4      | Demolished by an ogre

Illustrated notes

Levels and vault maps discovered:
D:1:      dpeg_arrival_rooms_with_view, layout_loops_ring, minmay_crystal_room
D:2:      layout_loops_cross, first_ration, minivault_24
D:3:      layout_basic
D:4:      layout_basic, ashenzari_altar_1, tgw_sif, fountainhead,
          guppyfry_early_orc_mine, uniq_grinder, uniq_duvessa, uniq_ijyb

Skill      XL: |  1  2  3  4  5 |
---------------+----------------+-----
Invocations    | 2 3 4 |  4.5
Long Blades    | 3 4 5 |  5.6
Fighting       | |  3.6
Armour         | |  2.4
Dodging        | |  1.1

Action                   |  1- 3 |  4- 6 || total
-------------------------+-------+-------++-------
Melee: Falchion          |    91 |   178 ||   269
       Headbutt          |     6 |    27 ||    33
Invok: Bend Space        |       |     1 ||     1
  Use: Scroll            |     5 |     2 ||     7
       Potion            |     3 |     4 ||     7
  Eat: Chunk             |     2 |     4 ||     6
       Ration            |       |     1 ||     1
Armor: Ring mail         |    30 |    27 ||    57
       Plate armour      |       |    73 ||    73
Dodge: Dodged            |    53 |    56 ||   109
       Rpst.: Falchion   |     9 |    14 ||    23
